 Dungeon Crawl Stone Soup version 0.29.1-12-g30fa7ad0bf (webtiles) character file.

Game seed: 10591264894677101179

5877 ssalbiz the Thaumaturge (level 11, -4/65 HPs)
             Began as a Djinni Fire Elementalist on Jan 16, 2023.
             Was a Follower of Makhleb.
             Slain by a wraith (9 damage)
             ... led by Josephine
             ... on level 10 of the Dungeon.
             The game lasted 00:35:09 (12803 turns).

ssalbiz the Thaumaturge (Djinni Fire Elementalist) Turns: 12803, Time: 00:35:09

Health: -4/65      AC:  7    Str:  7    XL:     11   Next: 8%
Gold:   606        EV: 16    Int: 27    God:    Makhleb [*.....] SH:  0 Dex: 14

rFire   + + .      SeeInvis .   G - +6 dagger
rCold   x . .      Faith    .   (no shield)
rNeg    . . .      Spirit   .   M - +0 steam dragon scales
rPois   ∞          Reflect  .   n - +0 helmet
rElec   .          Harm     .   P - +0 cloak
rCorr   .          Rampage  .   (no gloves)
Will    +....                   (boots unavailable)
Stlth   +++.......              F - amulet of the acrobat
HPRegen 0.20/turn               g - +4 ring of evasion
MPRegen 0.00/turn               x - +6 ring of intelligence

@: flying, slowed, very slow
A: sickness immunity, fire resistance 2, cold vulnerability 1, float, innate
caster, HP casting, extra vitality 1
a: Renounce Religion


You were on level 10 of the Dungeon.
You worshipped Makhleb.
Makhleb was aware of your devotion.
You visited 2 branches of the dungeon, and saw 11 of its levels.
You also visited: Sewer.

You collected 606 gold pieces.

Inventory:

Hand Weapons
 G - a +6 dagger (weapon)
Missiles
 l - 36 poisoned darts (quivered)
Armour
 n - a +0 helmet (worn)
 z - a +0 kite shield
 I - a +1 robe of willpower
 M - +0 steam dragon scales (worn)
 P - a +0 cloak (worn)
Magical Staves
 j - a staff of cold
Jewellery
 g - a +4 ring of evasion (left hand)
 s - a ring of resist corrosion
 x - a +6 ring of intelligence (right hand)
 F - an amulet of the acrobat (around neck)
 K - a ring of protection from fire
Wands
 a - a wand of paralysis (6)
 e - a wand of quicksilver (1)
 u - a wand of polymorph (7)
 B - a wand of flame (12)
 O - a wand of mindburst (5)
Scrolls
 b - 2 scrolls of fog
 c - a scroll of noise {unknown}
 d - 3 scrolls of magic mapping {unknown}
 h - 2 scrolls of fear {unknown}
 i - 3 scrolls of immolation {unknown}
 k - 2 scrolls of poison {unknown}
 p - 2 scrolls of teleportation {unknown}
 r - a scroll of brand weapon {unknown}
 t - a scroll of blinking
 w - a scroll of torment {unknown}
 y - 2 scrolls of enchant weapon {unknown}
 D - a scroll of enchant armour {unknown}
 L - 2 scrolls of vulnerability {unknown}
 N - 2 scrolls of summoning {unknown}
 R - 2 scrolls of identify
Potions
 f - 4 potions of flight
 m - 2 potions of attraction
 o - 2 potions of heal wounds {unknown}
 q - 4 potions of curing
 v - 2 potions of cancellation
 A - 4 potions of magic
 C - a potion of haste {unknown}
 E - a potion of resistance {unknown}
 H - 2 potions of mutation {unknown}
 J - a potion of brilliance {unknown}
 Q - 2 potions of might


   Skills:
 - Level 2.1 Dodging
 - Level 4.0 Stealth
 + Level 12.1 Spellcasting


You had 7 spell levels left.
You knew the following spells:

 Your Spells              Type           Power      Damage    Failure   Level
a - Foxfire               Conj/Fire      100%       2x1d9     1%          1
b - Scorch                Fire           100%       2d10      1%          2
c - Conjure Flame         Conj/Fire      69%        6-21      1%          3
d - Inner Flame           Hex/Fire       69%        N/A       1%          3
e - Flame Wave            Conj/Fire      69%        2d16      1%          4
f - Shock                 Conj/Air       100%       1d9       1%          1
g - Searing Ray           Conj           100%       2d8       1%          2
h - Portal Projectile     Hex/Tloc       100%       N/A       1%          3
i - Lesser Beckoning      Tloc           69%        N/A       1%          3
j - Borgnjor's Vile Clut  Necr/Erth      34%        N/A       1%          5
Your spell library was empty.

Dungeon Overview and Level Annotations

Branches:
Dungeon (10/15)            Temple (1/1) D:6           Sewer (visited)
   Lair: D:8-11         Orc: D:9-12

Altars:
Ashenzari
Cheibriados
Dithmenos
Elyvilon
Fedhas
Gozag
Hepliaklqana
Makhleb
Nemelex Xobeh
Okawaru
Qazlal
Ru
Trog
Uskayaw
Wu Jian
Xom
Yredelemnul
Zin
The Shining One

Shops:
D:1 :

Annotations:
D:4 3 runed translucent doors, exclusion: 3 doors, hawla's ghost, amateur MeFE
D:6 1 runed translucent door, Loveship's ghost, novice DENe
D:8 1 runed translucent door, exclusion: door


Innate Abilities, Weirdness & Mutations

You are immune to sickness and miasma.
You are immune to poison.
Your flesh is very heat resistant. (rF++)
You are vulnerable to cold. (rC-)
You float through the air rather than walking.
You learn spells naturally, not from books.
Your magical power is your life essence.
You have superior vitality. (+4 MHP)


Message History

Casting: Flame Wave (safe; 1% risk of failure)
Confirm with . or Enter, or press ? or * to list all spells.
Okay, then.
Unknown command.
Okay, then.
Unknown command.
Unknown command.
Unknown command.
Unknown command.
Unknown command.
Unknown command.
Unknown command.
Unknown command.
Unknown command.
Unknown command.
Unknown command.
Unknown command.
Unknown command.
The wraith hits you but does no damage. The wraith hits you.
The wraith drains your vigour!
You feel yourself slow down.
Things that are here:
a +0 dagger; a +0 robe; the human corpse of Josephine The wraith misses you.
The wraith barely misses you. The wraith hits you!
* * * LOW HITPOINT WARNING * * *
The wraith drains your vigour!
You feel as though you will be slow longer.
The wraith completely misses you. The wraith hits you!
* * * LOW HITPOINT WARNING * * *
Casting: Flame Wave (safe; 1% risk of failure)
Confirm with . or Enter, or press ? or * to list all spells.
You don't have enough health to cast this spell.
Unknown command.
Unknown command.
Unknown command.
You feel better. The wraith barely misses you. The wraith hits you.
* * * LOW HITPOINT WARNING * * *
The wraith drains your vigour!
You feel as though you will be slow longer.
The wraith hits you!
You die...

#...........>.....
#................
#................
##................
♣#.................
##..............###
##..^.....########
........W)#
.......@W#
.......W.#
####.....#
#.....#+##+
#...........
#.(.........
#...........
#...........
............


You could see 3 wraiths.

Vanquished Creatures
  Josephine (D:10)
  Pikel (D:6)
  A cyclops (D:10)
  Maurice (D:9)
  2 trolls (D:9)
  A hornet (D:9)
  Sigmund (D:2)
  A wyvern (D:9)
  A shadow (D:10)
  A steam dragon (D:9)
  A water moccasin (D:7)
  2 orc warriors (D:8)
  3 ice beasts
  3 ogres
  3 lemures
  2 phantoms
  3 kobold brigands
  3 bullfrogs
  2 necrophages
  4 wights (D:7)
  4 killer bees (D:10)
  5 howler monkeys
  3 hounds
  4 orc priests
  An iguana (D:6)
  A jelly (D:7)
  Natasha (D:4)
  Terence (D:1)
  9 orc wizards
  2 ogre zombies (D:10)
  Robin (D:3)
  6 adders
  A white imp (D:6)
  An ufetubus (D:5)
  3 worms
  4 dart slugs
  32 orcs
  6 bats
  4 endoplasms
  12 giant cockroaches
  12 goblins
  7 hobgoblins
  16 kobolds
  15 quokkas
  2 training dummies (D:7)
  13 ball pythons
  7 frilled lizards (Sewer)
  A goblin skeleton (D:10)
  A goblin zombie (D:10)
  2 hobgoblin zombies (D:10)
  An orc skeleton (D:10)
  13 orc zombies (D:10)
  8 rats
236 creatures vanquished.

Vanquished Creatures (others)
  269 foxfires
  2 plants (D:6)
271 creatures vanquished.

Grand Total: 507 creatures vanquished

Notes
Turn   | Place    | Note
-------+----------+-------------------------------------------
     0 | D:1      | ssalbiz the Djinni Fire Elementalist began the quest for
                  | the Orb.
     0 | D:1      | ssalbiz set off with the following spells memorised:
                  | Foxfire, Scorch, Conjure Flame, Inner Flame, Flame Wave.
     0 | D:1      | Reached XP level 1. HP: 15/15 MP: 0/0
   460 | D:1      | Reached XP level 2. HP: 21/21 MP: 0/0
   500 | D:1      | Found Urocinen's Book Shop.
  1138 | D:2      | Noticed Terence
  1164 | D:1      | Reached skill level 3 in Spellcasting
  1164 | D:1      | Reached XP level 3. HP: 16/25 MP: 0/0
  1164 | D:1      | Learned a level 1 spell: Shock
  1319 | D:2      | Noticed Sigmund
  1612 | D:2      | Reached XP level 4. HP: 21/31 MP: 0/0
  1740 | D:2      | Killed Sigmund
  1741 | D:2      | Reached XP level 5. HP: 29/35 MP: 0/0
  1741 | D:2      | Learned a level 2 spell: Searing Ray
  1741 | D:2      | Reached XP level 6. HP: 33/40 MP: 0/0
  1860 | D:1      | Killed Terence
  1861 | D:1      | Reached skill level 4 in Spellcasting
  2959 | D:3      | Reached XP level 7. HP: 41/45 MP: 0/0
  2959 | D:3      | Learned a level 3 spell: Portal Projectile
  3065 | D:3      | Noticed Robin
  3075 | D:3      | Killed Robin
  4198 | D:4      | Reached skill level 5 in Spellcasting
  4361 | D:4      | Found a glowing drain.
  4375 | Sewer    | Entered a sewer
  5146 | D:4      | Found a runed translucent gate.
  5146 | D:4      | Found a runed translucent gate.
  5146 | D:4      | Found a runed translucent gate.
  5150 | D:4      | Noticed hawla's ghost (amateur MeFE)
  5521 | D:4      | Noticed Natasha
  5526 | D:4      | Killed Natasha
  5828 | D:5      | Entered Level 5 of the Dungeon
  5845 | D:5      | Reached skill level 6 in Spellcasting
  5845 | D:5      | Reached XP level 8. HP: 44/50 MP: 0/0
  6941 | D:6      | Noticed Pikel
  7049 | D:6      | Reached skill level 7 in Spellcasting
  7132 | D:6      | Found a staircase to the Ecumenical Temple.
  7141 | Temple   | Entered the Ecumenical Temple
  8012 | D:6      | Found a white marble altar of Elyvilon.
  8012 | D:6      | Found a bloodstained altar of Trog.
  8058 | D:6      | Found a runed translucent door.
  8060 | D:6      | Noticed Loveship's ghost (novice DENe)
  8293 | D:6      | Reached XP level 9. HP: 52/55 MP: 0/0
  8293 | D:6      | Learned a level 3 spell: Lesser Beckoning
  8340 | D:6      | Killed Pikel
  8341 | D:6      | Reached skill level 8 in Spellcasting
  8952 | D:7      | Reached skill level 9 in Spellcasting
  9273 | D:7      | Identified the +0 scale mail "Ziprekyre" {Rampage Str+8}
  9501 | D:7      | You are sucked into a shaft and drop 2 floors!
  9871 | D:8      | Reached XP level 10. HP: 24/60 MP: 0/0
 10106 | D:8      | Reached skill level 10 in Spellcasting
 10513 | D:8      | Found a runed translucent door.
 11009 | Temple   | Became a worshipper of Makhleb the Destroyer
 11713 | D:9      | Reached skill level 11 in Spellcasting
 11852 | D:9      | Noticed Maurice
 11862 | D:9      | Killed Maurice
 12213 | D:10     | Entered Level 10 of the Dungeon
 12234 | D:10     | Reached * piety under Makhleb
 12549 | D:10     | Noticed a cyclops
 12557 | D:10     | Killed a cyclops
 12793 | D:10     | Noticed Josephine
 12800 | D:10     | Killed Josephine
 12801 | D:10     | Reached skill level 12 in Spellcasting
 12801 | D:10     | Reached XP level 11. HP: 23/65 MP: 0/0
 12801 | D:10     | Learned a level 5 spell: Borgnjor's Vile Clutch
 12803 | D:10     | Slain by a wraith

Illustrated notes

Levels and vault maps discovered:
D:1:      saegor_arrival_simple_a, layout_loops_ring, serial_shops, shop_statue
D:2:      layout_rooms, uniq_terence, uniq_sigmund
D:3:      layout_basic, corexii_item_surrounded_by_moat,
          kennysheep_generic_room_12, uniq_robin
D:4:      layout_loops_corners, portal_sewer_entry_f, ebering_ghost_rock_garden,
          chequers_serial_rivers_small_b, minmay_door_square, uniq_natasha
D:5:      layout_basic
D:6:      layout_basic, amethyst_overflow_temple_binary,
          minmay_temple_entry_overgrown, gammafunk_ghost_grave, uniq_pikel
D:7:      dreamdust_elfheim, layout_loops_cross, dreamdust_wishing_well,
          hangedman_decor_lopped, minmay_misc_feat_five, minivault_5
D:8:      layout_loops_ring, nicolae_ossuary_entry_plus, lightli_church_of_beogh
D:9:      layout_roguey, uniq_maurice
D:10:     cheibrodos_iron_armory, layout_irregular_city, zombieorc2_lemuel,
          dk_noncrumbling_2, minmay_fractal_squares_5, uniq_josephine
Temple:   nicolae_temple_slightly_damp_pantheon

Skill      XL: |  1  2  3  4  5  6  7  8  9 10 |
---------------+-------------------------------+-----
Stealth        | 2 3 4 |  4.0
Spellcasting   | 3 4 6 7 9 12 | 12.1
Dodging        | |  2.1

Action                   |  1- 3 |  4- 6 |  7- 9 | 10-12 || total
-------------------------+-------+-------+-------+-------++-------
Melee: Short sword       |    10 |     2 |    15 |       ||    27
       Dagger            |       |       |     2 |    10 ||    12
Throw: Dart              |       |       |     5 |       ||     5
 Cast: Foxfire           |    33 |    20 |    97 |     4 ||   154
       Scorch            |     2 |     5 |    43 |    69 ||   119
       Searing Ray       |       |    16 |    47 |     2 ||    65
       Shock             |       |     6 |       |       ||     6
       Conjure Flame     |       |       |     1 |     1 ||     2
       Portal Projectile |       |       |     1 |       ||     1
       Flame Wave        |       |       |     6 |    10 ||    16
  Use: Scroll            |       |       |     7 |       ||     7
       Potion            |       |       |       |     1 ||     1
 Stab: Sleeping          |     2 |     2 |     6 |     6 ||    16
Armor: Robe              |     8 |       |     7 |       ||    15
       Steam dragon scal |       |       |       |     5 ||     5
Dodge: Dodged            |    38 |     9 |    60 |    41 ||   148
